[Event "Live Chess"]
[Site "Chess.com"]
[Date "2021.02.28"]
[Round "-"]
[White "Nield, Christopher"]
[Black "Breslin, Daniel"]
[Result "1/2-1/2"]
[BlackElo "1590"]
[CurrentPosition "8/p1pQ2k1/1p3pp1/4p3/1PP5/q5P1/5PKP/8 b - -"]
[ECO "A07"]
[ECOUrl "https://www.chess.com/openings/Kings-Indian-Attack-2...Nc6"]
[EndDate "2021.02.28"]
[EndTime "11:34:25"]
[Link "https://www.chess.com/live/game/8249022235"]
[StartTime "10:59:40"]
[Termination "Game drawn by agreement"]
[TimeControl "1500+10"]
[Timezone "UTC"]
[UTCDate "2021.02.28"]
[UTCTime "10:59:40"]
[WhiteElo "1422"]

1. Nf3 d5 2. g3 Nc6 3. d4 Nf6 4. Nc3 Bf5 5. Bg2 e6 6. O-O Be7 7. a3 O-O 8. Bf4 Bd6 9. Ne5 Bxe5 10. Bxe5 Nxe5 11. dxe5 Nd7 12. e4 dxe4 13. Nxe4 Bxe4 14. Bxe4 Nxe5 15. Bxh7+ Kxh7 16. Qh5+ Kg8 17. Qxe5 Qe7 18. Rad1 Rad8 19. b4 Rd6 20. Rd4 Rfd8 21. Rfd1 f6 22. Qc5 b6 23. Qc3 Rxd4 24. Rxd4 Rxd4 25. Qxd4 e5 26. Qd5+ Kh7 27. Qe4+ g6 28. Qa8 Qd7 29. c4 Qd4 30. Qc6 Qa1+ 31. Kg2 Qxa3 32. Qd7+ Kh6 33. Qh3+ Kg7 34. Qd7+ 1/2-1/2

[Event "Live Chess"]
[Site "Chess.com"]
[Date "2021.02.28"]
[Round "-"]
[White "Larkin, John"]
[Black "Cotton, Chris"]
[Result "1-0"]
[BlackElo "1101"]
[CurrentPosition "8/p3r2k/3Rb1pp/8/2P1QP1q/7P/PP2B1P1/5RK1 b - -"]
[ECO "E90"]
[ECOUrl "https://www.chess.com/openings/Kings-Indian-Defense-Zinnowitz-Variation-6...h6"]
[EndDate "2021.02.28"]
[EndTime "11:59:17"]
[Link "https://www.chess.com/live/game/8249022993"]
[StartTime "10:59:46"]
[Termination "Cynac won by resignation"]
[TimeControl "1500+10"]
[Timezone "UTC"]
[UTCDate "2021.02.28"]
[UTCTime "10:59:46"]
[WhiteElo "1682"]

1. d4 Nf6 2. c4 g6 3. Nc3 Bg7 4. e4 d6 5. Nf3 O-O 6. Bg5 h6 7. Be3 Ng4 8. Bd2 e5 9. d5 f5 10. exf5 Bxf5 11. h3 Nf6 12. Be3 e4 13. Nd4 c5 14. dxc6 bxc6 15. Be2 c5 16. Ndb5 Ne8 17. Qd5+ Rf7 18. Qxa8 Nc7 19. Nxc7 Qxc7 20. Qd5 Nc6 21. Qd2 Nb4 22. O-O Be5 23. Nd5 Nxd5 24. Qxd5 Qe7 25. Rab1 Kg7 26. f4 Bd4 27. Bxd4+ cxd4 28. Qxd4+ Kh7 29. Qe3 Qh4 30. Rbd1 Be6 31. Rxd6 Re7 32. Qxe4 1-0

[Event "Live Chess"]
[Site "Chess.com"]
[Date "2021.02.28"]
[Round "-"]
[White "Callison, J Stuart"]
[Black "Thomson, Neil"]
[Result "1-0"]
[BlackElo "1576"]
[CurrentPosition "8/8/4p3/8/Pp4k1/1P4bQ/7P/5R1K b - -"]
[ECO "A40"]
[ECOUrl "https://www.chess.com/openings/Modern-Defense-with-1-d4"]
[EndDate "2021.02.28"]
[EndTime "15:00:50"]
[Link "https://www.chess.com/live/game/8259786617"]
[StartTime "13:57:02"]
[Termination "stuartcallison won by resignation"]
[TimeControl "1500+10"]
[Timezone "UTC"]
[UTCDate "2021.02.28"]
[UTCTime "13:57:02"]
[WhiteElo "1699"]

1. d4 g6 2. Bf4 Bg7 3. Nc3 c5 4. dxc5 Na6 5. Qd2 Nxc5 6. e4 Ne6 7. Be3 Nf6 8. f3 d6 9. Bb5+ Bd7 10. Bxd7+ Nxd7 11. Nge2 Ne5 12. b3 O-O 13. O-O Rc8 14. Rad1 Kh8 15. Nd5 a6 16. c4 b5 17. cxb5 axb5 18. Rc1 Nc5 19. Nd4 e6 20. Nb4 Qd7 21. Rfd1 f5 22. exf5 gxf5 23. Qe2 f4 24. Bf2 Rb8 25. Ndc2 Rf5 26. Bxc5 Nxf3+ 27. Qxf3 Rxc5 28. Qxf4 Be5 29. Qe3 Qg7 30. Ne1 Rxc1 31. Qxc1 Bd4+ 32. Kh1 Rg8 33. Qd2 Bc3 34. Qxd6 Bxe1 35. g3 Bc3 36. Nc6 Qg4 37. Qd3 b4 38. a3 Rc8 39. Rf1 Rxc6 40. Qd8+ Kg7 41. Qd7+ Kh6 42. Qxc6 Be5 43. a4 Qh3 44. Qf3 Bxg3 45. Qf6+ Kh5 46. Qf7+ Kg5 47. Qe7+ Kh5 48. Qxh7+ Kg4 49. Qxh3+ 1-0

[Event "Live Chess"]
[Site "Chess.com"]
[Date "2021.02.28"]
[Round "-"]
[White "Murdochy, Shivan"]
[Black "Burt, J Mel"]
[Result "1/2-1/2"]
[BlackElo "1493"]
[CurrentPosition "8/5p2/6p1/R3p3/2k4P/5KP1/8/4r3 w - -"]
[ECO "D92"]
[ECOUrl "https://www.chess.com/openings/Grunfeld-Defense-Hungarian-Attack-5...O-O-6.Rc1-dxc4"]
[EndDate "2021.02.28"]
[EndTime "14:54:13"]
[Link "https://www.chess.com/live/game/8259837187"]
[StartTime "13:59:59"]
[Termination "Game drawn by repetition"]
[TimeControl "1500+10"]
[Timezone "UTC"]
[UTCDate "2021.02.28"]
[UTCTime "13:59:59"]
[WhiteElo "1329"]

1. d4 Nf6 2. c4 g6 3. Nc3 d5 4. Nf3 Bg7 5. Bf4 O-O 6. Rc1 dxc4 7. e3 Be6 8. Ng5 Bd5 9. e4 h6 10. exd5 hxg5 11. Bxg5 Nxd5 12. Bxc4 Nb6 13. Bb3 Qxd4 14. Qxd4 Bxd4 15. Nb5 Bxb2 16. Rc2 Be5 17. Nxc7 Bxc7 18. Rxc7 Nc6 19. O-O e6 20. Rxb7 Na5 21. Rc7 Nxb3 22. axb3 Rfc8 23. Rfc1 Rxc7 24. Rxc7 Nd5 25. Rb7 a6 26. h4 a5 27. Bh6 Kh7 28. Bd2 Kg8 29. Kh2 a4 30. bxa4 Rxa4 31. Kh3 Ra2 32. Be3 Nxe3 33. fxe3 Ra3 34. g3 Rxe3 35. Kg4 Kg7 36. Kf4 Re1 37. Ra7 e5+ 38. Kf3 Kf6 39. Ra6+ Ke7 40. Ra7+ Ke6 41. Ra6+ Kd5 42. Ra5+ Kc4 43. Kf2 Re4 44. Kf3 Re1 45. Kf2 Re4 46. Kf3 Re1 1/2-1/2

[Event "Live Chess"]
[Site "Chess.com"]
[Date "2021.02.28"]
[Round "-"]
[White "Kerridge, Simon"]
[Black "Gillespie, David P"]
[Result "0-1"]
[BlackElo "1717"]
[CurrentPosition "5k2/5ppp/8/4n3/1N4P1/1K6/8/8 w - -"]
[ECO "D00"]
[ECOUrl "https://www.chess.com/openings/Queens-Pawn-Opening-Chigorin-Variation-2...Nf6-3.Bf4"]
[EndDate "2021.02.28"]
[EndTime "15:10:39"]
[Link "https://www.chess.com/live/game/8260434481"]
[StartTime "14:10:03"]
[Termination "Rasputin_94 won by resignation"]
[TimeControl "1500+10"]
[Timezone "UTC"]
[UTCDate "2021.02.28"]
[UTCTime "14:10:03"]
[WhiteElo "1392"]

1. d4 d5 2. Nc3 Nf6 3. Bf4 e6 4. e3 Bd6 5. Bd3 Bxf4 6. exf4 c5 7. dxc5 O-O 8. Nf3 Qc7 9. Ne5 Nbd7 10. Qe2 Nxc5 11. h4 Bd7 12. O-O-O Rac8 13. Kb1 Bc6 14. Rhg1 a6 15. f3 b5 16. Qf2 Nxd3 17. Nxd3 a5 18. Rc1 b4 19. Ne2 Bb5 20. Nd4 Bxd3 21. cxd3 Qa7 22. b3 a4 23. bxa4 Qxa4 24. Nb3 d4 25. Rxc8 Rxc8 26. Qxd4 Nd5 27. Qb2 Ra8 28. Rc1 Nc3+ 29. Kc2 Qxa2 30. Ra1 Qxb2+ 31. Kxb2 Rxa1 32. Nxa1 Nd5 33. g3 Ne3 34. Nc2 Nf5 35. g4 Nxh4 36. Nd4 Ng2 37. f5 exf5 38. Nxf5 Ne1 39. Ne7+ Kf8 40. Nc6 Nxd3+ 41. Kc2 Ne1+ 42. Kb3 Nxf3 43. Nxb4 Ne5 0-1

[Event "Live Chess"]
[Site "Chess.com"]
[Date "2021.02.28"]
[Round "-"]
[White "Gillespie, Gary D"]
[Black "Nield, Christopher"]
[Result "0-1"]
[BlackElo "1434"]
[CurrentPosition "8/1b3pk1/4pp1p/p7/1NP5/1P4KP/P1R2PP1/3r4 w - a6"]
[ECO "D05"]
[ECOUrl "https://www.chess.com/openings/Colle-System-3...e6"]
[EndDate "2021.02.28"]
[EndTime "15:07:43"]
[Link "https://www.chess.com/live/game/8260506227"]
[StartTime "14:14:27"]
[Termination "nieldcfc won by resignation"]
[TimeControl "1500+10"]
[Timezone "UTC"]
[UTCDate "2021.02.28"]
[UTCTime "14:14:27"]
[WhiteElo "1487"]

1. d4 Nf6 2. Nf3 e6 3. e3 d5 4. Bd3 c5 5. b3 Nc6 6. Bb2 Bd6 7. O-O O-O 8. Nbd2 Re8 9. Ne5 Qc7 10. Nxc6 bxc6 11. Nf3 cxd4 12. exd4 Bd7 13. Re1 Rac8 14. Rc1 Qb6 15. Ne5 c5 16. dxc5 Bxc5 17. Qe2 Qd6 18. c4 d4 19. Rcd1 Rcd8 20. Bb1 Bc8 21. Qf3 Qb6 22. Bd3 Bb7 23. Qh3 h6 24. Qh4 Qd6 25. Re2 Bb4 26. Bxd4 Ba6 27. Bb2 Qc5 28. h3 Rd6 29. Bc2 Red8 30. Nd3 Qf5 31. Bxf6 Qxf6 32. Qxf6 gxf6 33. Nxb4 Rxd1+ 34. Bxd1 Rxd1+ 35. Kh2 Bb7 36. Kg3 Kg7 37. Rc2 a5 0-1

[Event "Live Chess"]
[Site "Chess.com"]
[Date "2021.02.28"]
[Round "-"]
[White "Cotton, Chris"]
[Black "Wilkinson, Kevin"]
[Result "0-1"]
[BlackElo "1674"]
[CurrentPosition "8/5pkp/4p3/3p2PP/1p6/2r5/5K2/2R5 w - -"]
[ECO "B23"]
[ECOUrl "https://www.chess.com/openings/Sicilian-Defense-Closed"]
[EndDate "2021.02.28"]
[EndTime "14:57:32"]
[Link "https://www.chess.com/live/game/8259815741"]
[StartTime "13:58:47"]
[Termination "ImGonnaHorseYou won by resignation"]
[TimeControl "1500+10"]
[Timezone "UTC"]
[UTCDate "2021.02.28"]
[UTCTime "13:58:47"]
[WhiteElo "1100"]

1. e4 c5 2. Nc3 a6 3. g3 Nc6 4. Bg2 Nf6 5. d3 Rb8 6. Be3 d6 7. f4 Bd7 8. Nf3 b5 9. h3 b4 10. Ne2 e6 11. d4 Nxe4 12. dxc5 d5 13. Ng5 Nxg5 14. fxg5 Qa5 15. O-O Bxc5 16. Nd4 O-O 17. b3 Nxd4 18. Bxd4 Bxd4+ 19. Qxd4 Qb6 20. Qxb6 Rxb6 21. Rfe1 Rc8 22. Rac1 a5 23. Bf1 a4 24. h4 axb3 25. axb3 Kf8 26. Bd3 g6 27. Ra1 Bb5 28. Rec1 Bxd3 29. cxd3 Rc3 30. Ra8+ Kg7 31. Rc8 Rxd3 32. Kf2 Rxb3 33. R8c2 Ra6 34. g4 Raa3 35. h5 gxh5 36. gxh5 Rc3 37. Rxc3 Rxc3 0-1

[Event "Live Chess"]
[Site "Chess.com"]
[Date "2021.02.28"]
[Round "-"]
[White "Hulme, William"]
[Black "Kirk, Larry G"]
[Result "1/2-1/2"]
[BlackElo "1640"]
[CurrentPosition "2b4b/5k1p/pr1p2p1/2pP1p2/2B2B2/1P5P/P4PP1/4R1K1 w - -"]
[ECO "A43"]
[ECOUrl "https://www.chess.com/openings/Old-Benoni-Defense-2.d5"]
[EndDate "2021.02.28"]
[EndTime "14:48:50"]
[Link "https://www.chess.com/live/game/8260392655"]
[StartTime "14:07:12"]
[Termination "Game drawn by repetition"]
[TimeControl "1500+10"]
[Timezone "UTC"]
[UTCDate "2021.02.28"]
[UTCTime "14:07:12"]
[WhiteElo "1965"]

1. d4 c5 2. d5 g6 3. c4 b5 4. cxb5 a6 5. b6 d6 6. Nc3 Qxb6 7. Nf3 Bg7 8. Nd2 Nd7 9. e4 Ngf6 10. Be2 O-O 11. O-O Qc7 12. h3 Rb8 13. Nc4 Nb6 14. Na3 e6 15. Bf4 exd5 16. exd5 Re8 17. Bf3 Bb7 18. Qd2 Nfd7 19. Rac1 Ne5 20. Be2 Qd7 21. Rfd1 f5 22. Bh6 Bh8 23. Be3 Na4 24. Nxa4 Qxa4 25. Nc4 Nxc4 26. Bxc4 Bc8 27. b3 Qb4 28. Qxb4 Rxb4 29. Bf4 Rb6 30. Re1 Rxe1+ 31. Rxe1 Kf7 32. Bd2 Rb8 33. Bf4 Rb6 34. Bd2 Rb8 35. Bf4 Rb6 1/2-1/2

[Event "Live Chess"]
[Site "Chess.com"]
[Date "2021.02.28"]
[Round "-"]
[White "Breslin, Daniel"]
[Black "Brownlee, Ian G"]
[Result "0-1"]
[BlackElo "1743"]
[CurrentPosition "8/8/7K/8/q7/5k2/8/6q1 w - -"]
[ECO "B34"]
[ECOUrl "https://www.chess.com/openings/Sicilian-Defense-Open-Accelerated-Dragon-Modern-Variation...6.Be3-Nf6-7.Nxc6-bxc6"]
[EndDate "2021.02.28"]
[EndTime "14:41:09"]
[Link "https://www.chess.com/live/game/8260511037"]
[StartTime "14:14:42"]
[Termination "IanBrownlee won by resignation"]
[TimeControl "1500+10"]
[Timezone "UTC"]
[UTCDate "2021.02.28"]
[UTCTime "14:14:42"]
[WhiteElo "1610"]

1. e4 c5 2. Nf3 Nc6 3. d4 cxd4 4. Nxd4 g6 5. Nc3 Bg7 6. Be3 Nf6 7. Nxc6 bxc6 8. Bd3 d6 9. O-O O-O 10. Re1 Ng4 11. Qd2 Nxe3 12. Qxe3 a5 13. a4 Rb8 14. Rab1 Qb6 15. Bc4 Qxe3 16. Rxe3 Bd4 17. Rd3 e5 18. b3 Be6 19. Bxe6 fxe6 20. Rf1 Rf4 21. Kh1 Rbf8 22. f3 g5 23. Ne2 Rxe4 24. Nxd4 Rxd4 25. Rfd1 Rxd3 26. cxd3 Rf4 27. Kg1 Rb4 28. Rb1 Kf7 29. Kf2 Ke7 30. Ke3 d5 31. Rc1 Kd6 32. Rb1 c5 33. g3 c4 34. dxc4 dxc4 35. Rd1+ Kc5 36. bxc4 Rxa4 37. Ke4 Rxc4+ 38. Kxe5 a4 39. Kxe6 a3 40. Rd5+ Kb4 41. Kf5 Rc5 42. Rxc5 Kxc5 43. Kxg5 a2 44. Kh6 a1=Q 45. Kg5 Qe5+ 46. Kh4 h6 47. g4 Qf6+ 48. Kg3 Kd4 49. h4 Ke3 50. g5 hxg5 51. Kg4 Qf4+ 52. Kh5 Qxh4+ 53. Kg6 Kxf3 54. Kf5 Qf4+ 55. Kg6 g4 56. Kh5 g3 57. Kg6 g2 58. Kh5 Qf5+ 59. Kh6 Qf4+ 60. Kh5 Qa4 61. Kh6 g1=Q 0-1

[Event "Live Chess"]
[Site "Chess.com"]
[Date "2021.02.28"]
[Round "-"]
[White "Thomson, Peter"]
[Black "Larkin, John"]
[Result "0-1"]
[BlackElo "1684"]
[CurrentPosition "8/p4k2/1p1p4/3P1ppp/P2P4/5K2/6P1/8 w - -"]
[ECO "C42"]
[ECOUrl "https://www.chess.com/openings/Petrovs-Defense-Classical-Attack"]
[EndDate "2021.02.28"]
[EndTime "14:55:43"]
[Link "https://www.chess.com/live/game/8259903939"]
[StartTime "14:04:14"]
[Termination "Cynac won by resignation"]
[TimeControl "1500+10"]
[Timezone "UTC"]
[UTCDate "2021.02.28"]
[UTCTime "14:04:14"]
[WhiteElo "1366"]

1. e4 e5 2. Nf3 Nf6 3. Nxe5 d6 4. Nf3 Nxe4 5. d4 Be7 6. Bc4 d5 7. Bb3 O-O 8. O-O Nc6 9. c3 h6 10. Qd3 Bf5 11. Qe2 Re8 12. Be3 Bg4 13. Nbd2 Qd7 14. Rad1 Na5 15. Bc2 Bd6 16. Rfe1 Nxd2 17. Rxd2 Nc4 18. Rd3 Nxb2 19. Rd2 Nc4 20. Rdd1 Bf5 21. Bxf5 Qxf5 22. Nd2 Nxe3 23. fxe3 Re6 24. c4 Rae8 25. cxd5 Rxe3 26. Qf2 Qxf2+ 27. Kxf2 Rxe1 28. Rxe1 Rxe1 29. Kxe1 Bxh2 30. Nf3 Bd6 31. Ne5 f6 32. Nc4 b6 33. Nxd6 cxd6 34. Kf2 Kf7 35. a4 g5 36. Kg3 f5 37. Kf3 h5 0-1

[Event "Live Chess"]
[Site "Chess.com"]
[Date "2021.02.28"]
[Round "-"]
[White "Sanger, Jake M"]
[Black "Anderson, James"]
[Result "1-0"]
[BlackElo "1310"]
[CurrentPosition "3r4/1R1Bbk2/2P1ppbp/3p2p1/3P4/4P2P/1P1N1PP1/6K1 b - -"]
[ECO "D02"]
[ECOUrl "https://www.chess.com/openings/Queens-Pawn-Opening-Symmetrical-Variation"]
[EndDate "2021.02.28"]
[EndTime "14:36:01"]
[Link "https://www.chess.com/live/game/8260424439"]
[StartTime "14:09:24"]
[Termination "JakeSanger32 won by resignation"]
[TimeControl "1510"]
[Timezone "UTC"]
[UTCDate "2021.02.28"]
[UTCTime "14:09:24"]
[WhiteElo "1702"]

1. d4 Nf6 2. Nf3 d5 3. Bf4 Bf5 4. e3 e6 5. c4 c6 6. Qb3 Qb6 7. c5 Qxb3 8. axb3 Be7 9. h3 Nbd7 10. Nc3 O-O 11. b4 h6 12. b5 Ne4 13. bxc6 bxc6 14. Ba6 Rae8 15. Bb7 Nb8 16. O-O f6 17. Rxa7 g5 18. Bxb8 Rxb8 19. Bxc6 Rf7 20. Ra8 Rff8 21. Rfa1 Kg7 22. Nxe4 Bxe4 23. Nd2 Bg6 24. R1a7 Kf7 25. Rxb8 Rxb8 26. Rb7 Rc8 27. Bd7 Rd8 28. c6 1-0

[Event "Live Chess"]
[Site "Chess.com"]
[Date "2021.02.28"]
[Round "-"]
[White "Robertson, John"]
[Black "Smith, Peter R"]
[Result "0-1"]
[BlackElo "2013"]
[CurrentPosition "8/8/8/8/3pk3/4p3/4K3/8 w - -"]
[ECO "A45"]
[ECOUrl "https://www.chess.com/openings/Indian-Game"]
[EndDate "2021.02.28"]
[EndTime "15:22:40"]
[Link "https://www.chess.com/live/game/8260520375"]
[StartTime "14:15:37"]
[Termination "peterthefairlygood won by resignation"]
[TimeControl "1500+10"]
[Timezone "UTC"]
[UTCDate "2021.02.28"]
[UTCTime "14:15:37"]
[WhiteElo "1224"]

1. d4 Nf6 2. Bf4 c5 3. d5 g6 4. Nc3 d6 5. e4 Bg7 6. Bb5+ Bd7 7. Qd3 O-O 8. Nge2 a6 9. Bxd7 Nbxd7 10. a4 b5 11. O-O b4 12. Nd1 Qc7 13. c4 bxc3 14. Ndxc3 Rfb8 15. Qd2 Rb4 16. f3 Rab8 17. Ra2 Nb6 18. Rb1 Nc4 19. Qc2 Qb6 20. Nd1 Nd7 21. Bd2 Nxd2 22. Qxd2 Ne5 23. Nec3 Nc4 24. Qc2 Rb3 25. a5 Nxa5 26. Rba1 c4+ 27. Kf1 Nb7 28. Rxa6 Qd4 29. Ra8 Nc5 30. Ne2 Qd3 31. Qxd3 Nxd3 32. Rxb8+ Rxb8 33. Nec3 Nxb2 34. Rb1 Bxc3 35. Nxc3 Rb3 36. Nd1 Nxd1 37. Rxd1 Kg7 38. Rc1 c3 39. Rc2 Kf6 40. Ke2 Rb2 41. Kd3 Ke5 42. Kxc3 Rxc2+ 43. Kxc2 Kd4 44. Kd2 f5 45. exf5 gxf5 46. g3 Kxd5 47. Ke3 e5 48. h3 Ke6 49. f4 e4 50. g4 Kf6 51. Kd4 Kg6 52. Ke3 d5 53. Kd4 fxg4 54. hxg4 h6 55. f5+ Kf6 56. Ke3 Kg5 57. Kd4 Kf6 58. Ke3 h5 59. Kf4 hxg4 60. Kxg4 e3 61. Kf3 d4 62. Ke2 Kxf5 63. Kd3 Kf4 64. Ke2 Ke4 0-1

[Event "Live Chess"]
[Site "Chess.com"]
[Date "2021.02.28"]
[Round "-"]
[White "Hamilton, Stephen C"]
[Black "Jackson, Robert"]
[Result "0-1"]
[BlackElo "1630"]
[CurrentPosition "4r1k1/p2q2pp/1p6/8/3b1n2/PP3P1P/2R2P2/3Q1RK1 w - -"]
[ECO "C02"]
[ECOUrl "https://www.chess.com/openings/French-Defense-Advance-Variation-3...c5-4.c3"]
[EndDate "2021.02.28"]
[EndTime "14:32:04"]
[Link "https://www.chess.com/live/game/8259912189"]
[StartTime "14:04:47"]
[Termination "rjproton won by resignation"]
[TimeControl "1500+10"]
[Timezone "UTC"]
[UTCDate "2021.02.28"]
[UTCTime "14:04:47"]
[WhiteElo "1637"]

1. e4 e6 2. d4 d5 3. e5 c5 4. c3 Ne7 5. Nf3 Nec6 6. Bd3 b6 7. O-O Ba6 8. a3 Bxd3 9. Qxd3 Be7 10. Be3 Nd7 11. b3 O-O 12. Nbd2 f6 13. exf6 Bxf6 14. Rac1 e5 15. dxe5 Ndxe5 16. Nxe5 Nxe5 17. Qe2 Qd7 18. h3 Rae8 19. Qd1 Nd3 20. Rc2 d4 21. cxd4 cxd4 22. Bxd4 Bxd4 23. Nf3 Rxf3 24. gxf3 Nf4 0-1

[Event "Live Chess"]
[Site "Chess.com"]
[Date "2021.02.28"]
[Round "-"]
[White "Chalmers, Martin M"]
[Black "McPheator, Gary"]
[Result "0-1"]
[BlackElo "1423"]
[CurrentPosition "rk6/p7/Qp1p4/3Ppqb1/2N1K3/1P4pb/R2B4/8 w - -"]
[ECO "A40"]
[ECOUrl "https://www.chess.com/openings/Queens-Pawn-Opening-Horwitz-Defense-2.Bf4"]
[EndDate "2021.02.28"]
[EndTime "15:28:47"]
[Link "https://www.chess.com/live/game/8262897331"]
[StartTime "14:54:20"]
[Termination "Gary753 won by checkmate"]
[TimeControl "1500+10"]
[Timezone "UTC"]
[UTCDate "2021.02.28"]
[UTCTime "14:54:20"]
[WhiteElo "1370"]

1. d4 e6 2. Bf4 Nf6 3. e3 c5 4. c3 cxd4 5. exd4 Qb6 6. Qc2 Be7 7. Nf3 d6 8. Nbd2 Bd7 9. Bd3 Nc6 10. O-O O-O-O 11. Nc4 Qc7 12. b4 Nh5 13. Be3 h6 14. b5 Na5 15. Ncd2 g5 16. d5 b6 17. Nb3 Nxb3 18. axb3 e5 19. Be2 Nf4 20. Ra2 Kb7 21. Rfa1 Ra8 22. Ra6 g4 23. Ne1 Nxe2+ 24. Qxe2 Qxc3 25. Qa2 Qxa1 26. Qxa1 Bxb5 27. Ra2 f5 28. Nc2 h5 29. Na3 Bd7 30. Nc4 f4 31. Bd2 h4 32. Qb2 g3 33. fxg3 hxg3 34. h3 f3 35. Qa3 f2+ 36. Kf1 Rxh3 37. Qa6+ Kb8 38. gxh3 Bxh3+ 39. Ke2 f1=Q+ 40. Ke3 Bg5+ 41. Ke4 Qf5# 0-1

[Event "Live Chess"]
[Site "Chess.com"]
[Date "2021.02.28"]
[Round "-"]
[White "Smith, Bob"]
[Black "Murray, Euan"]
[Result "0-1"]
[BlackElo "1907"]
[CurrentPosition "2k3r1/1ppq4/p1p5/8/4Pp2/3P1b2/PPP1K3/6Q1 w - -"]
[ECO "C68"]
[ECOUrl "https://www.chess.com/openings/Ruy-Lopez-Opening-Morphy-Defense-Exchange-Kings-Bishop-Variation"]
[EndDate "2021.02.28"]
[EndTime "14:49:50"]
[Link "https://www.chess.com/live/game/8260463501"]
[StartTime "14:11:48"]
[Termination "Brooner_85 won by resignation"]
[TimeControl "1500+10"]
[Timezone "UTC"]
[UTCDate "2021.02.28"]
[UTCTime "14:11:48"]
[WhiteElo "1351"]

1. e4 e5 2. Nf3 Nc6 3. Bb5 a6 4. Bxc6 dxc6 5. O-O Bd6 6. Nc3 Bg4 7. h3 Bh5 8. d3 h6 9. Bd2 g5 10. Ne2 g4 11. Nh2 gxh3 12. g3 Qd7 13. f3 O-O-O 14. Be3 Ne7 15. Kf2 Rdg8 16. Ke1 f5 17. Kd2 f4 18. Bf2 fxg3 19. Nxg3 Bf7 20. Kc1 h5 21. Rg1 h4 22. Ne2 Rg2 23. Rxg2 hxg2 24. Ng1 Ng6 25. Be3 Nf4 26. Bxf4 exf4 27. Qd2 Bc5 28. Qxg2 Rg8 29. Ng4 Be3+ 30. Kd1 Be6 31. Qf1 Bxg4 32. Ke2 Bxg1 33. Qg2 h3 34. Qh1 h2 35. Rxg1 hxg1=Q 36. Qxg1 Bxf3+ 0-1

[Event "Live Chess"]
[Site "Chess.com"]
[Date "2021.02.28"]
[Round "-"]
[White "Robertson, David A"]
[Black "Paul, Rabindra"]
[Result "1-0"]
[BlackElo "1789"]
[CurrentPosition "8/7p/4k3/R3B3/4Pp2/3K1P2/6rP/8 b - -"]
[ECO "E44"]
[ECOUrl "https://www.chess.com/openings/Nimzo-Indian-Defense-St-Petersburg-Fischer-Variation-5...Ne4-6.Qc2"]
[EndDate "2021.02.28"]
[EndTime "12:37:42"]
[Link "https://www.chess.com/live/game/8250913951"]
[StartTime "11:36:19"]
[Termination "soxyboy1978 won by resignation"]
[TimeControl "1500+10"]
[Timezone "UTC"]
[UTCDate "2021.02.28"]
[UTCTime "11:36:19"]
[WhiteElo "1884"]

1. d4 Nf6 2. c4 e6 3. Nc3 Bb4 4. e3 b6 5. Ne2 Ne4 6. Qc2 f5 7. a3 Bxc3+ 8. Nxc3 Bb7 9. d5 Nxc3 10. Qxc3 O-O 11. b3 Qf6 12. Qxf6 Rxf6 13. Be2 e5 14. Bb2 d6 15. O-O Nd7 16. b4 Re8 17. Rfd1 f4 18. e4 Bc8 19. Bg4 Nf8 20. Bxc8 Rxc8 21. c5 Nd7 22. cxd6 cxd6 23. Rac1 Rff8 24. Rc6 Nf6 25. f3 Rfd8 26. Rdc1 Rxc6 27. dxc6 Kf7 28. b5 Ke6 29. Kf2 Ne8 30. a4 Nc7 31. Rd1 a6 32. a5 Rb8 33. Ba3 Nxb5 34. c7 Nxc7 35. Rxd6+ Kf7 36. Rd7+ Kg6 37. Rxc7 bxa5 38. Rc6+ Kf7 39. Rxa6 Rb5 40. Ra7+ Kg6 41. Bf8 Rb2+ 42. Kf1 Kf6 43. Bxg7+ Ke6 44. Rxa5 Rb1+ 45. Kf2 Rb2+ 46. Kf1 Rb1+ 47. Ke2 Rb2+ 48. Kd3 Rxg2 49. Bxe5 1-0

[Event "Live Chess"]
[Site "Chess.com"]
[Date "2021.02.28"]
[Round "-"]
[White "Brown, Steven A"]
[Black "McKay, Jonathan"]
[Result "0-1"]
[BlackElo "1964"]
[CurrentPosition "kr6/pp3p1B/2p5/3p4/N4P2/1P2P3/PQP1nP2/1K1q4 w - -"]
[ECO "A45"]
[ECOUrl "https://www.chess.com/openings/Indian-Game"]
[EndDate "2021.02.28"]
[EndTime "11:40:49"]
[Link "https://www.chess.com/live/game/8249061529"]
[StartTime "11:02:33"]
[Termination "dandytastic117 won by resignation"]
[TimeControl "1500+10"]
[Timezone "UTC"]
[UTCDate "2021.02.28"]
[UTCTime "11:02:33"]
[WhiteElo "1926"]

1. d4 Nf6 2. Bf4 g6 3. e3 Bg7 4. h4 d6 5. h5 Nxh5 6. Rxh5 gxh5 7. Qxh5 c6 8. Nc3 Nd7 9. Bc4 d5 10. Bd3 Nf6 11. Qh2 Bg4 12. Nf3 Bxf3 13. gxf3 Qd7 14. O-O-O O-O-O 15. Na4 Qe8 16. Kb1 Nd7 17. Bc7 e5 18. Bxd8 Qxd8 19. Rg1 Bf6 20. dxe5 Nxe5 21. Bf5+ Kb8 22. Nc5 Ka8 23. f4 Nc4 24. b3 Qa5 25. Na4 Nd2+ 26. Kc1 Nf3 27. Qh6 Qd2+ 28. Kb1 Nxg1 29. Qxf6 Rb8 30. Bxh7 Ne2 31. Qb2 Qd1+ 0-1

[Event "Live Chess"]
[Site "Chess.com"]
[Date "2021.02.28"]
[Round "-"]
[White "Blackford, Ross"]
[Black "Robinson, Stephen"]
[Result "0-1"]
[BlackElo "1493"]
[CurrentPosition "6k1/2p4p/1q5P/K7/1r4p1/8/8/8 w - -"]
[ECO "B01"]
[ECOUrl "https://www.chess.com/openings/Scandinavian-Defense-Modern-Marshall-Gipslis-Variation-5.Be2"]
[EndDate "2021.02.28"]
[EndTime "11:56:44"]
[Link "https://www.chess.com/live/game/8249600149"]
[StartTime "11:08:12"]
[Termination "Stephenrobinson10 won by checkmate"]
[TimeControl "1500+10"]
[Timezone "UTC"]
[UTCDate "2021.02.28"]
[UTCTime "11:08:12"]
[WhiteElo "941"]

1. e4 d5 2. exd5 Nf6 3. d4 Nxd5 4. Nf3 Bg4 5. Be2 Nc6 6. c4 Nb6 7. Be3 e6 8. c5 Nd5 9. O-O Be7 10. Nc3 O-O 11. Qb3 Rb8 12. Nxd5 exd5 13. h3 Bf5 14. Bd3 Be4 15. Nd2 b6 16. Bxe4 dxe4 17. Qa4 b5 18. Qc2 Nxd4 19. Bxd4 Qxd4 20. Nxe4 f5 21. Ng3 g6 22. Rac1 Bf6 23. b3 Rfe8 24. Rfd1 Qf4 25. Qd2 Qxd2 26. Rxd2 Bg5 27. Rcd1 Bxd2 28. Rxd2 Rbd8 29. Rxd8 Rxd8 30. a4 bxa4 31. bxa4 Rd4 32. Kf1 Rxa4 33. Ke2 Rc4 34. Kd3 Rxc5 35. f4 a5 36. h4 a4 37. h5 a3 38. h6 a2 39. Nxf5 gxf5 40. g4 fxg4 41. f5 a1=Q 42. f6 Qxf6 43. Ke4 Rc4+ 44. Kd5 Rd4+ 45. Kc5 Qd6+ 46. Kb5 Rb4+ 47. Ka5 Qb6# 0-1